 Dungeon Crawl Stone Soup version 0.30-a0-123-g91d0c66ccf (webtiles) character file.

Game seed: 17973065569668902516

1 Maken the Chopper (level 1, 0/20 HPs)
             Began as a Hill Orc Monk on Sept 17, 2022.
             Slain by a ball python (2 damage)
             ... on level 1 of the Dungeon.
             The game lasted 00:00:38 (57 turns).

Maken the Chopper (Hill Orc Monk)                     Turns: 57, Time: 00:00:39

Health: 0/20       AC:  2    Str: 13    XL:     1   Next: 20%
Magic:  1/1        EV: 12    Int: 10    God:
Gold:   0          SH:  0    Dex: 13    Spells: 0/0 levels left

rFire   . . .      SeeInvis .    a - +0 hand axe
rCold   . . .      Faith    .    (no shield)
rNeg    . . .      Spirit   .    b - +0 robe
rPois   .          Reflect  .    (no helmet)
rElec   .          Harm     .    (no cloak)
rCorr   .          Rampage  .    (no gloves)
Will    .....                    (no boots)
Stlth   ++........               (no amulet)
HPRegen 0.06/turn                (no ring)
MPRegen 0.07/turn                (no ring)

@: no status effects
A: no striking features
a: no special abilities


You were on level 1 of the Dungeon.
You visited 1 branch of the dungeon, and saw 1 of its levels.

Inventory:

Hand Weapons
 a - a +0 hand axe (weapon)
Armour
 b - a +0 robe (worn)
Potions
 c - a potion of ambrosia


   Skills:
 + Level 3.6 Fighting
 + Level 4.0 Axes
 + Level 0.1 Armour
 + Level 2.4 Dodging
 - Level 1.5 Stealth


You couldn't memorise any spells.
You didn't know any spells.
Your spell library was empty.

Dungeon Overview and Level Annotations

Branches:
Dungeon (1/15)

Altars:


Message History

Welcome, Maken the Hill Orc Monk.
If you return without finding the Orb of Zot, so far below, it's all over!
Press ? for a list of commands and other information.
Found a staircase leading out of the dungeon.
Found a stone staircase leading down.
A quokka comes into view.
The quokka twitches its whiskers.
The quokka closely misses you.
You hit the quokka. You punch the quokka, but do no damage.
The quokka is heavily wounded.
The quokka bites you. The quokka barely misses you.
You hit the quokka.
You kill the quokka!
No target in view!
HP restored.
You open the door.
There is an open door here.
A kobold comes into view. It is wielding a +0 club.
A bat comes into view.
A ball python comes into view.
Found a smoky puce potion.
The kobold throws a stone.
The stone closely misses you. The kobold closely misses you.
You closely miss the kobold. The kobold hits you with a +0 club.
You closely miss the kobold. The kobold hits you with a +0 club.
You closely miss the kobold. The kobold hits you with a +0 club.
You hit the kobold.
The kobold is moderately wounded.
You closely miss the ball python. The ball python bites you.
The ball python barely misses you. The kobold hits you with a +0 club.
* * * LOW HITPOINT WARNING * * *
The ball python bites you.
* * * LOW HITPOINT WARNING * * *
The ball python grabs you. The ball python constricts you.
* * * LOW HITPOINT WARNING * * *
You escape the ball python's grasp.
The kobold attacks as you move away! The kobold barely misses you.
The ball python attacks as you move away!
The ball python bites you.
You die...

..P≈~~~≈~~~P....##.#.#
..~≈≈~~~~≈≈~..>.##.#.#
..~≈≈~~~~≈~~.........#
...~≈~~~~~~P.#'###.###
<............#.#...#
...~~~~≈~~~P.#.#.#######
..~~≈~~~~≈≈~.#.#........
..≈≈≈~~~~≈≈≈.#.#..######
..P~~~≈~~~~P.#..@.#####
.............#..KS....#
......########........#
##....# #.!..........#
#....##........ #...b
......### #.... ......+
.... .......# ...
##+###..


You could see a bat (asleep), a ball python and a kobold.

Vanquished Creatures
  A quokka (D:1)
1 creature vanquished.

Notes
Turn   | Place    | Note
-------+----------+-------------------------------------------
     0 | D:1      | Maken the Hill Orc Monk began the quest for the Orb.
     0 | D:1      | Reached XP level 1. HP: 19/19 MP: 1/1
    57 | D:1      | Slain by a ball python

Illustrated notes

Levels and vault maps discovered:
D:1:      giann_bridges, layout_basic

Action                   || total
-------------------------++-------
Melee: Hand axe          ||     6
       Punch             ||     1
Dodge: Dodged            ||     6

Table legend: (Time is in decaauts)
 A = Elapsed time spent in this place.
 B = Non-inter-level travel time spent in this place.
 C = Inter-level travel time spent in this place.
 D = Time resting spent in this place.
 E = Time spent auto-exploring this place.
 F = Levels seen in this place.
 G = Mean time per level.
                   A        B        C        D        E       F      G
               +--------+--------+--------+--------+--------+-----+--------+
         Total |     57 |     57 |      0 |      0 |     39 |   1 |   57.0 |
       Dungeon |     57 |     57 |      0 |      0 |     39 |   1 |   57.0 |
               +--------+--------+--------+--------+--------+-----+--------+

Top non-repeatable levels by time:
     D:1: 57 daAuts
